 Dungeon Crawl Stone Soup version 0.28-a0-909-g796cbd3a86 (webtiles) character file.

Game seed: 7849991665977282869

0 t4s4d4r the Firebug (level 1, 0/14 HPs)
             Began as a Demigod Fire Elementalist on Nov 24, 2021.
             Slain by a kobold (2 damage)
             ... on level 1 of the Dungeon.
             The game lasted 00:00:10 (55 turns).

t4s4d4r the Firebug (Demigod Fire Elementalist)       Turns: 55, Time: 00:00:11

Health: 0/14       AC:  2    Str:  9    XL:     1   Next: 0%
Magic:  2/5        EV: 12    Int: 17    God:
Gold:   5          SH:  0    Dex: 14    Spells: 2/3 levels left

rFire   . . .      SeeInvis .   (no weapon)
rCold   . . .      Faith    .   (no shield)
rNeg    . . .      Spirit   .   a - +0 robe
rPois   .          Reflect  .   (no helmet)
rElec   .          Harm     .   (no cloak)
rCorr   .          Rampage  .   (no gloves)
Will    .....                   (no boots)
Stlth   ++........              (no amulet)
HPRegen 0.04/turn               (no ring)
MPRegen 0.09/turn               (no ring)

@: no status effects
A: high mp 1, forlorn
a: no special abilities


You were on level 1 of the Dungeon.
You visited 1 branch of the dungeon, and saw 1 of its levels.

You collected 5 gold pieces.

Inventory:

Armour
 a - a +0 robe (worn)
Scrolls
 b - 2 scrolls of identify {unknown}


   Skills:
 - Level 1.7 Dodging
 - Level 1.7 Stealth
 - Level 1.7 Spellcasting
 * Level 0.8 Conjurations
 + Level 2.6 Fire Magic


You had 2 spell levels left.
You knew the following spells:

 Your Spells              Type           Power      Damage    Failure   Level
a - Foxfire               Conj/Fire      28%        2x1d5     10%         1

Your spell library contained the following spells:

 Spells                   Type           Power      Damage    Failure   Level
 Scorch                   Fire           20%        2d6       10%         2
 Conjure Flame            Conj/Fire      7%         6-21      28%         3
 Inner Flame              Hex/Fire       6%         N/A       34%         3
 Flame Wave               Conj/Fire      7%         3d4       67%         4


Dungeon Overview and Level Annotations

Branches:
Dungeon (1/15)


Innate Abilities, Weirdness & Mutations

Your attributes grow dramatically as you level up.
You have an increased reservoir of magic. (+10% MP)
You shall have no god before yourself.


Message History

You add the spells Foxfire, Scorch, Conjure Flame, Inner Flame and Flame Wave to your library.
Welcome, t4s4d4r the Demigod Fire Elementalist.
The heart of this dungeon contains the breathtaking artefact, the Orb of Zot.
Press ? for a list of commands and other information.
Found 5 gold pieces.
Found a staircase leading out of the dungeon.
You now have 5 gold pieces.
You open the large door.
Found a leather armour.
There is a large open door here.
You open the large door.
There is a large open door here.
You open the large door.
There is a large open door here.
b - 2 scrolls labelled UHAZU HIBIRE A kobold comes into view.
It is wielding a +0 short sword.
A kobold is nearby!
You conjure some foxfire!
The foxfire hits the kobold but does no damage.
Your foxfire dissipates!
You conjure some foxfire!
The kobold hits you with a +0 short sword.
Unknown command.
The foxfire hits the kobold.
The kobold is severely wounded.
The kobold hits you with a +0 short sword.
Unknown command.
You are too injured to fight recklessly!
Unknown command.
The kobold hits you with a +0 short sword.
* * * LOW HITPOINT WARNING * * *
Casting: Foxfire (safe; 10% risk of failure)
Press: ? - help, Q - select action Dir - look around, f - activate You conjure some foxfire!
The kobold hits you with a +0 short sword.
You die...

#######...
#@K.......
#v########
#.# #.# #.#
#.#########
#.........#
#########.#
#....#


You could see a kobold (ally target).

Vanquished Creatures (others)
  2 foxfires (D:1)
2 creatures vanquished.

Notes
Turn   | Place    | Note
-------+----------+-------------------------------------------
     0 | D:1      | t4s4d4r the Demigod Fire Elementalist began the quest for
                  | the Orb.
     0 | D:1      | Reached XP level 1. HP: 14/14 MP: 5/5
    55 | D:1      | Slain by a kobold

Illustrated notes

Levels and vault maps discovered:
D:1:      lightli_arrival_isolated_outpost, layout_loops_ring,
          shapermc_ecumenical_altar_gd

Action                   || total
-------------------------++-------
 Cast: Foxfire           ||     3

Table legend: (Time is in decaauts)
 A = Elapsed time spent in this place.
 B = Non-inter-level travel time spent in this place.
 C = Inter-level travel time spent in this place.
 D = Time resting spent in this place.
 E = Time spent auto-exploring this place.
 F = Levels seen in this place.
 G = Mean time per level.
                   A        B        C        D        E       F      G
               +--------+--------+--------+--------+--------+-----+--------+
         Total |     55 |     55 |      0 |      0 |     45 |   1 |   55.0 |
       Dungeon |     55 |     55 |      0 |      0 |     45 |   1 |   55.0 |
               +--------+--------+--------+--------+--------+-----+--------+

Top non-repeatable levels by time:
     D:1: 55 daAuts
